[Event "LJ Slovak Open 2022"]
[Site "Liptovsky Jan"]
[Date "2022.06.25"]
[Round "4.27"]
[White "Bohacek, Ludovit"]
[Black "Korenova, Simona"]
[Result "0-1"]
[ECO "B92"]
[WhiteElo "1594"]
[BlackElo "1895"]
[Annotator "NA RC"]
[PlyCount "68"]
[EventDate "2022.06.23"]
[EventType "swiss"]
[EventCountry "SVK"]
[SourceTitle "playchess.com"]
[Source "ChessBase"]
[SourceQuality "1"]
[TimeControl "3600+30"]

1. e4 c5 2. Nf3 d6 3. d4 cxd4 4. Nxd4 Nf6 5. Nc3 a6 6. a4 e5 7. Nb3 Be6 8. Bg5 Be7 9. Bxf6 Bxf6 10. Nd5 Nd7 11. Be2 O-O 12. O-O Rc8 13. c3 Bxd5 14. Qxd5 Qc7 15. Bg4 Nb6 16. Qd1 Rcd8 17. Qe2 d5 18. exd5 Nxd5 19. g3 Be7 20. Bf5 g6 21. Bd3 Kh8 22. Rfd1 f5 23. Bc4 Nb6 24. Be6 Rf6 25. Rxd8+ Bxd8 26. a5 Rxe6 27. axb6 Qxb6 28. Na5 e4 29. Qc4 e3 30. Kf1 Qxb2 31. Ra2 e2+ 32. Kg2 Qxa2 33. Qxa2 e1=Q 34. Nxb7 Re2 0-1

[Event "LJ Slovak Open 2022"]
[Site "Liptovsky Jan"]
[Date "2022.06.25"]
[Round "4.28"]
[White "Mydliar, Jan"]
[Black "Sekova, Olivia"]
[Result "1-0"]
[ECO "B53"]
[WhiteElo "1885"]
[BlackElo "1708"]
[Annotator "NA RC"]
[PlyCount "78"]
[EventDate "2022.06.23"]
[EventType "swiss"]
[EventCountry "SVK"]
[SourceTitle "playchess.com"]
[Source "ChessBase"]
[SourceQuality "1"]
[TimeControl "3600+30"]

1. e4 c5 2. Nf3 Nc6 3. Bb5 d6 4. d4 cxd4 5. Qxd4 Bd7 6. Bxc6 Bxc6 7. Nc3 Nf6 8. Bg5 e6 9. O-O-O Be7 10. Qd3 O-O 11. Kb1 a5 12. Nd4 a4 13. a3 Qa5 14. f4 Rfe8 15. f5 Nxe4 16. Nxc6 Nxc3+ 17. Qxc3 bxc6 18. Qxa5 Rxa5 19. Bxe7 Rxe7 20. Rxd6 h6 21. f6 gxf6 22. Rxc6 Rd7 23. Kc1 Rad5 24. Rc4 Rd2 25. g4 Rg2 26. h4 Rdd2 27. Rd1 Rde2 28. Rd7 e5 29. Rc8+ Kg7 30. Rdd8 Rg1+ 31. Rd1 Rxg4 32. c4 Rgg2 33. c5 Rc2+ 34. Kb1 Rxb2+ 35. Ka1 Ra2+ 36. Kb1 Rxa3 37. c6 Raa2 38. Rb8 Ra3 39. c7 Rga2 1-0

[Event "LJ Slovak Open 2022"]
[Site "Liptovsky Jan"]
[Date "2022.06.25"]
[Round "4.29"]
[White "Kulich, Daniel"]
[Black "Mrkvik, Jan"]
[Result "1/2-1/2"]
[ECO "B13"]
[WhiteElo "1648"]
[BlackElo "1810"]
[Annotator "NA RC"]
[PlyCount "81"]
[EventDate "2022.06.23"]
[EventType "swiss"]
[EventCountry "SVK"]
[SourceTitle "playchess.com"]
[Source "ChessBase"]
[SourceQuality "1"]
[TimeControl "3600+30"]

1. e4 c6 2. d4 d5 3. exd5 cxd5 4. Bd3 Nc6 5. c3 e5 6. dxe5 Nxe5 7. Qe2 Qe7 8. Bb5+ Bd7 9. Bxd7+ Nxd7 10. Qxe7+ Bxe7 11. Nf3 Ngf6 12. Be3 O-O 13. Nbd2 Rfe8 14. O-O Bc5 15. Bd4 Ne4 16. Nb3 Bd6 17. Rad1 Rad8 18. Rfe1 h6 19. Be3 Ndf6 20. a3 Ng4 21. Bxa7 b6 22. Nbd2 Bc5 23. Nxe4 dxe4 24. Rxd8 Rxd8 25. Nd4 Ra8 26. Bxb6 Bxb6 27. Rxe4 Nf6 28. Rf4 Rb8 29. Nc6 Rb7 30. Rb4 Nd5 31. Re4 Bc7 32. Re2 Nxc3 33. Rc2 Nd5 34. b4 Kf8 35. Rc5 Nf6 36. a4 Nd7 37. Rd5 Ke8 38. b5 Nb6 39. Rd4 Nxa4 40. Rxa4 Rxb5 41. g3 1/2-1/2

[Event "LJ Slovak Open 2022"]
[Site "Liptovsky Jan"]
[Date "2022.06.25"]
[Round "4.30"]
[White "Szaszak, Lukas"]
[Black "Miciak, Emanuel"]
[Result "1/2-1/2"]
[ECO "E61"]
[WhiteElo "1454"]
[BlackElo "1804"]
[Annotator "NA RC"]
[PlyCount "93"]
[EventDate "2022.06.23"]
[EventType "swiss"]
[EventCountry "SVK"]
[SourceTitle "playchess.com"]
[Source "ChessBase"]
[SourceQuality "1"]
[TimeControl "3600+30"]

1. d4 d6 2. Nf3 Nf6 3. Bf4 g6 4. e3 Bg7 5. h3 O-O 6. c4 c5 7. Nc3 Nc6 8. Rc1 Re8 9. a3 Nh5 10. Bh2 cxd4 11. exd4 e5 12. dxe5 dxe5 13. Qxd8 Rxd8 14. Be2 Be6 15. g4 Nf4 16. Bxf4 exf4 17. O-O a6 18. b4 Nd4 19. Nxd4 Rxd4 20. c5 Rad8 21. f3 Rd2 22. Rfe1 Bd4+ 23. Kf1 Kf8 24. a4 f5 25. Nd1 Kf7 26. c6 bxc6 27. Rxc6 fxg4 28. hxg4 Bd5 29. Rc7+ Kf6 30. Rxh7 Rc8 31. Rd7 Bb3 32. Nf2 Bc2 33. Rc1 Re8 34. Rxc2 Rxc2 35. Rxd4 Rexe2 36. Rxf4+ Kg7 37. Nd3 Rh2 38. Kg1 Rhd2 39. Ne1 Rd1 40. Kf1 Rh2 41. Re4 Rh1+ 42. Kf2 Rd2+ 43. Kg3 g5 44. f4 Rg1+ 45. Kf3 Rf1+ 46. Kg3 Rg1+ 47. Kf3 1/2-1/2

[Event "LJ Slovak Open 2022"]
[Site "Liptovsky Jan"]
[Date "2022.06.25"]
[Round "4.31"]
[White "Recky, Norbert"]
[Black "Straka, Simon"]
[Result "0-1"]
[ECO "C42"]
[WhiteElo "1755"]
[BlackElo "1523"]
[Annotator "NA RC"]
[PlyCount "48"]
[EventDate "2022.06.23"]
[EventType "swiss"]
[EventCountry "SVK"]
[SourceTitle "playchess.com"]
[Source "ChessBase"]
[SourceQuality "1"]
[TimeControl "3600+30"]

1. e4 e5 2. Nf3 Nf6 3. Nxe5 d6 4. Nf3 Nxe4 5. d4 d5 6. Bd3 Bd6 7. O-O O-O 8. Nbd2 Re8 9. c4 c6 10. Qc2 f5 11. g3 Nd7 12. b3 Ndf6 13. Bb2 Ng4 14. Rae1 Qf6 15. Kg2 Bd7 16. h3 Ngxf2 17. Rxf2 Nxf2 18. Kxf2 Rxe1 19. Nxe1 f4 20. Nef3 Bxh3 21. Bxh7+ Kh8 22. Qg6 fxg3+ 23. Kg1 Qf4 24. Qd3 Re8 0-1

[Event "LJ Slovak Open 2022"]
[Site "Liptovsky Jan"]
[Date "2022.06.25"]
[Round "4.32"]
[White "Szabo, Marian"]
[Black "Szaszak, Robert"]
[Result "0-1"]
[ECO "D04"]
[WhiteElo "1467"]
[BlackElo "1717"]
[Annotator "NA RC"]
[PlyCount "64"]
[EventDate "2022.06.23"]
[EventType "swiss"]
[EventCountry "SVK"]
[SourceTitle "playchess.com"]
[Source "ChessBase"]
[SourceQuality "1"]
[TimeControl "3600+30"]

1. d4 d5 2. e3 Bf5 3. Nf3 e6 4. Nbd2 Nf6 5. h3 Bd6 6. c4 c6 7. a3 O-O 8. c5 Bc7 9. b4 a6 10. Bb2 h6 11. Nh4 Be4 12. Nhf3 Nbd7 13. Ne5 Nxe5 14. dxe5 Nd7 15. f4 Qh4+ 16. Ke2 Bg6 17. Nf3 Qe7 18. Kf2 b6 19. Bd4 bxc5 20. Bxc5 Nxc5 21. bxc5 Qxc5 22. Nd4 Bb6 23. Bd3 Qc3 24. Bxg6 fxg6 25. Re1 Bxd4 26. Qxd4 Qxd4 27. exd4 Rxf4+ 28. Ke3 Raf8 29. Rac1 Re4+ 30. Kd3 Rxe1 31. Rxe1 Rf2 32. Rc1 Rxg2 0-1

[Event "LJ Slovak Open 2022"]
[Site "Liptovsky Jan"]
[Date "2022.06.25"]
[Round "4.33"]
[White "Ciglian, Michal"]
[Black "Hlavac, Tomas"]
[Result "1-0"]
[ECO "E81"]
[WhiteElo "1704"]
[BlackElo "1409"]
[Annotator "NA RC"]
[PlyCount "79"]
[EventDate "2022.06.23"]
[EventType "swiss"]
[EventCountry "SVK"]
[SourceTitle "playchess.com"]
[Source "ChessBase"]
[SourceQuality "1"]
[TimeControl "3600+30"]

1. c4 Nf6 2. Nc3 g6 3. d4 Bg7 4. e4 d6 5. f3 O-O 6. Be3 Nbd7 7. Bd3 a6 8. Nge2 c5 9. d5 Ne5 10. O-O Nxd3 11. Qxd3 Re8 12. Rad1 b6 13. h3 Ra7 14. f4 b5 15. b4 bxc4 16. Qxc4 Rc7 17. bxc5 dxc5 18. e5 Nd7 19. Ne4 Nb6 20. Qb3 Rb7 21. Nxc5 Rb8 22. Qd3 Bf5 23. Ne4 Bd7 24. Qxa6 Na4 25. N2c3 Ra8 26. Qe2 Qa5 27. Nxa4 Bb5 28. Qd2 Qxd2 29. Rxd2 Bxf1 30. Nb6 Ra3 31. Bc5 Bd3 32. Bxa3 Bxe4 33. d6 exd6 34. exd6 Bf6 35. d7 Rd8 36. Bd6 Bc3 37. Bc7 Bxd2 38. Bxd8 Be3+ 39. Kh1 Bc6 40. Bc7 1-0

[Event "LJ Slovak Open 2022"]
[Site "Liptovsky Jan"]
[Date "2022.06.25"]
[Round "4.34"]
[White "Petrik, Matus"]
[Black "Freibergs, Filips"]
[Result "1-0"]
[ECO "A11"]
[WhiteElo "1684"]
[BlackElo "1250"]
[Annotator "NA RC"]
[PlyCount "89"]
[EventDate "2022.06.23"]
[EventType "swiss"]
[EventCountry "SVK"]
[SourceTitle "playchess.com"]
[Source "ChessBase"]
[SourceQuality "1"]
[TimeControl "3600+30"]

1. c4 c6 2. Nc3 d5 3. cxd5 cxd5 4. Nf3 Nf6 5. d3 Bf5 6. Qb3 d4 7. Nxd4 Bc8 8. Nf3 e6 9. Bg5 Nbd7 10. Ne4 b6 11. Nxf6+ Nxf6 12. g3 Bd7 13. Rc1 h6 14. Bd2 Bd6 15. Bg2 Rc8 16. O-O O-O 17. Rxc8 Qxc8 18. Rc1 Qa6 19. a3 Nd5 20. Nd4 Bc5 21. Bxd5 exd5 22. Qxd5 Bc8 23. Bc3 Bb7 24. Qh5 Qa4 25. Nf5 Qc6 26. e4 Kh7 27. Nxg7 Ba6 28. Qf5+ Kg8 29. Qg4 Kh7 30. Nh5 Bd4 31. Qf5+ Kg8 32. Qf4 Bxc3 33. Rxc3 Qg6 34. Nf6+ Kg7 35. Nd5 Qe6 36. Nc7 Qc8 37. Nxa6 Qxa6 38. Qg4+ Kh7 39. Qf5+ Kg7 40. e5 Qa5 41. Qf6+ Kg8 42. Rc4 Qe1+ 43. Kg2 Qe2 44. Qxh6 f6 45. Qg6+ 1-0

[Event "LJ Slovak Open 2022"]
[Site "Liptovsky Jan"]
[Date "2022.06.25"]
[Round "4.36"]
[White "Goga, Frantisek"]
[Black "Zelenka, Matej"]
[Result "1-0"]
[ECO "B50"]
[WhiteElo "1900"]
[BlackElo "1400"]
[Annotator "NA RC"]
[PlyCount "95"]
[EventDate "2022.06.23"]
[EventType "swiss"]
[EventCountry "SVK"]
[SourceTitle "playchess.com"]
[Source "ChessBase"]
[SourceQuality "1"]
[TimeControl "3600+30"]

1. e4 c5 2. d4 cxd4 3. c3 e6 4. cxd4 d6 5. Nf3 Nf6 6. Nc3 Be7 7. Be2 O-O 8. O-O Nc6 9. h3 Bd7 10. Be3 a6 11. Qd2 Qc7 12. Rac1 b5 13. d5 Na7 14. Nxb5 Qb8 15. Bxa7 Rxa7 16. Nxa7 Qxa7 17. Qa5 Rb8 18. dxe6 fxe6 19. Rc7 Rb7 20. Rfc1 Nxe4 21. Rxb7 Qxf2+ 22. Kh1 Qg3 23. Rb8+ Bf8 24. Rxf8+ Kxf8 25. Qd8+ Be8 26. Qh4 Qxh4 27. Nxh4 Ng3+ 28. Kh2 Nxe2 29. Re1 Nd4 30. Nf3 Nxf3+ 31. gxf3 Ke7 32. f4 g6 33. Kg3 d5 34. Kf3 Kd6 35. Ke3 Bb5 36. Kd4 Ba4 37. b3 Bb5 38. Re3 Bc6 39. a3 Bb5 40. h4 Be8 41. Rc3 Bc6 42. Rc5 h6 43. Rc1 Bd7 44. Rg1 Be8 45. Rg3 h5 46. Rg2 a5 $18 47. b4 a4 48. Rg1 1-0

[Event "LJ Slovak Open 2022"]
[Site "Liptovsky Jan"]
[Date "2022.06.25"]
[Round "4.37"]
[White "Rak, Martin"]
[Black "Stefanides, Karol"]
[Result "1-0"]
[ECO "C44"]
[WhiteElo "1849"]
[BlackElo "1438"]
[Annotator "NA RC"]
[PlyCount "43"]
[EventDate "2022.06.23"]
[EventType "swiss"]
[EventCountry "SVK"]
[SourceTitle "playchess.com"]
[Source "ChessBase"]
[SourceQuality "1"]
[TimeControl "3600+30"]

1. e4 e5 2. Nf3 Nc6 3. d4 exd4 4. Bc4 h6 5. c3 dxc3 6. Nxc3 Bb4 7. O-O Bxc3 8. bxc3 Nge7 9. Ba3 d6 10. Nd4 O-O 11. f4 Nxd4 12. cxd4 Be6 13. Bxe6 fxe6 14. Qb3 Qd7 15. f5 Kh8 16. fxe6 Qc6 17. d5 Qb6+ 18. Kh1 Kg8 19. Qc3 Rxf1+ 20. Rxf1 Rf8 21. Rxf8+ Kxf8 22. Bb2 1-0

[Event "LJ Slovak Open 2022"]
[Site "Liptovsky Jan"]
[Date "2022.06.25"]
[Round "4.38"]
[White "Kukan, Michal"]
[Black "Vojtko, Imrich"]
[Result "1-0"]
[ECO "E12"]
[WhiteElo "1767"]
[BlackElo "1382"]
[Annotator "NA RC"]
[PlyCount "84"]
[EventDate "2022.06.23"]
[EventType "swiss"]
[EventCountry "SVK"]
[SourceTitle "playchess.com"]
[Source "ChessBase"]
[SourceQuality "1"]
[TimeControl "3600+30"]

1. c4 b6 2. Nc3 Bb7 3. d4 e6 4. Nf3 Be7 5. Bf4 Nf6 6. a3 O-O 7. Nb5 d6 8. Rc1 a6 9. Nc3 Nbd7 10. g3 Rb8 11. Bg2 Re8 12. O-O Nh5 13. Bd2 Nhf6 14. Qc2 e5 15. d5 Bc8 16. b4 Nf8 17. Ne4 Nxe4 18. Qxe4 g6 19. Qc2 Bf5 20. e4 Bg4 21. h3 Bd7 22. Ne1 Qc8 23. Kh2 Bf6 24. c5 Qd8 25. c6 Bc8 26. f4 exf4 27. Bxf4 Bg5 28. Qf2 f6 29. Bxg5 fxg5 30. Qf7+ Kh8 31. Nd3 Be6 32. dxe6 Nxe6 33. Rf2 Rf8 34. Qxe6 Kg7 35. Rcf1 Rxf2 36. Nxf2 h5 37. e5 Qg8 38. Qxg8+ Rxg8 39. exd6 cxd6 40. Rd1 Rd8 41. Ne4 d5 42. Nxg5 d4 1-0

[Event "LJ Slovak Open 2022"]
[Site "Liptovsky Jan"]
[Date "2022.06.25"]
[Round "4.39"]
[White "Muller, Martin"]
[Black "Sokolovsky, Jakub"]
[Result "1/2-1/2"]
[ECO "D00"]
[WhiteElo "1476"]
[BlackElo "1613"]
[Annotator "NA RC"]
[PlyCount "101"]
[EventDate "2022.06.23"]
[EventType "swiss"]
[EventCountry "SVK"]
[SourceTitle "playchess.com"]
[Source "ChessBase"]
[SourceQuality "1"]
[TimeControl "3600+30"]

1. d4 Nf6 2. Bf4 d5 3. e3 c5 4. c3 Nc6 5. Bd3 Qb6 6. Qb3 c4 7. Qxb6 axb6 8. Bc2 b5 9. b4 Bg4 10. Nd2 e6 11. Ngf3 Be7 12. h3 Bh5 13. O-O O-O 14. a4 bxa4 15. Bxa4 Bxf3 16. gxf3 Nd7 17. Bxc6 bxc6 18. Bg3 Nb6 19. Bc7 Na4 20. Nb1 Ra6 21. Rc1 Rfa8 22. Rc2 Bd8 23. Bxd8 Rxd8 24. Rca2 Rda8 25. Kf1 g6 26. f4 Kg7 27. f3 Kf6 28. Kf2 h5 29. h4 Ke7 30. e4 Kd7 31. Ke3 Kc7 32. Kd2 Kb7 33. Kc2 Kb6 34. Kd2 Kb7 35. Kc2 R8a7 36. Kd2 Nc5 37. Rxa6 Nb3+ 38. Kd1 Rxa6 39. Rxa6 Kxa6 40. Ke2 Kb6 41. Kd1 Kb5 42. Kc2 Ka4 43. e5 Kb5 44. Na3+ Kb6 45. Nb1 Kc7 46. Nd2 Nxd2 47. Kxd2 Kd7 48. Ke3 Ke7 49. Kf2 f6 50. Ke3 Kf7 51. Kf2 1/2-1/2

[Event "LJ Slovak Open 2022"]
[Site "Liptovsky Jan"]
[Date "2022.06.25"]
[Round "4.40"]
[White "Magda, Filip"]
[Black "Carnecky, Michal"]
[Result "1/2-1/2"]
[ECO "E01"]
[WhiteElo "1624"]
[BlackElo "1361"]
[Annotator "NA RC"]
[PlyCount "78"]
[EventDate "2022.06.23"]
[EventType "swiss"]
[EventCountry "SVK"]
[SourceTitle "playchess.com"]
[Source "ChessBase"]
[SourceQuality "1"]
[TimeControl "3600+30"]

1. d4 d5 2. Nf3 Nf6 3. c4 e6 4. g3 Nc6 5. Bg2 Bb4+ 6. Nc3 Ne4 7. Qd3 Bxc3+ 8. bxc3 O-O 9. O-O Bd7 10. Ba3 Re8 11. Rab1 Na5 12. Ne5 f6 13. Nxd7 Qxd7 14. Bxe4 dxe4 15. Qxe4 Nxc4 16. Bc1 Nd6 17. Qd3 Rab8 18. e4 Nf7 19. Be3 f5 20. exf5 exf5 21. Bf4 g5 22. Be3 Ne5 23. Qd1 Nf7 24. Qb3 Kg7 25. d5 f4 26. Bxa7 f3 27. Bd4+ Kh6 28. c4 Qg4 29. Qc3 Kh5 30. Rfe1 Qf5 31. h3 g4 32. h4 Nd6 33. Rbc1 Rxe1+ 34. Rxe1 Re8 35. Rxe8 Nxe8 36. Qe1 Nd6 37. Qe5 Kg6 38. Qg7+ Kh5 39. Qe5 Kg6 1/2-1/2

[Event "LJ Slovak Open 2022"]
[Site "Liptovsky Jan"]
[Date "2022.06.25"]
[Round "4.41"]
[White "Ihnat, Marek"]
[Black "Subjakova, Kristina"]
[Result "0-1"]
[ECO "C79"]
[WhiteElo "2045"]
[BlackElo "1623"]
[Annotator "RC"]
[PlyCount "76"]
[EventDate "2022.06.23"]
[EventType "swiss"]
[EventCountry "SVK"]
[SourceTitle "playchess.com"]
[Source "ChessBase"]
[SourceQuality "1"]
[TimeControl "3600+30"]

1. e4 e5 2. Nf3 Nc6 3. Bb5 a6 4. Ba4 Nf6 5. O-O d6 6. h3 Nxe4 7. d4 Bd7 8. Re1 Nf6 9. Bxc6 Bxc6 10. dxe5 dxe5 11. Rxe5+ Be7 12. Qe2 Bb5 13. Qe1 Bc4 14. b3 Be6 15. Ng5 Bc8 16. Ba3 Ng8 17. Nf3 f6 18. Re3 Kf7 19. Bb2 Bc5 20. Re2 Bf5 21. a3 Ne7 22. b4 Bd6 23. Nc3 Re8 24. Rd1 Nc6 25. Nd5 Bxc2 26. Rdd2 Rxe2 27. Rxe2 Bg6 28. Qc3 Kf8 29. Rd2 Be4 30. Nf4 Qe7 31. Nd5 Qd7 32. Nxf6 gxf6 33. Qxf6+ Kg8 34. Qh8+ Kf7 35. Qxa8 Bxf3 36. gxf3 Bh2+ 37. Kxh2 Qxd2 38. Qh8 Qxf2+ 0-1

[Event "LJ Slovak Open 2022"]
[Site "Liptovsky Jan"]
[Date "2022.06.25"]
[Round "4.42"]
[White "Livnansky, Michal"]
[Black "Kolibik, Jan"]
[Result "1-0"]
[ECO "A38"]
[WhiteElo "1279"]
[BlackElo "1621"]
[Annotator "NA RC"]
[PlyCount "49"]
[EventDate "2022.06.23"]
[EventType "swiss"]
[EventCountry "SVK"]
[SourceTitle "playchess.com"]
[Source "ChessBase"]
[SourceQuality "1"]
[TimeControl "3600+30"]

1. c4 Nf6 2. Nc3 c5 3. Nf3 g6 4. g3 Bg7 5. Bg2 Nc6 6. d3 d6 7. O-O Bd7 8. a3 a5 9. Qb3 Rb8 10. Rb1 O-O 11. Bg5 Na7 12. Qa2 b5 13. cxb5 Be6 14. b3 Nxb5 15. Nxb5 Rxb5 16. Nd2 Nd5 17. Bxd5 Bxd5 18. Nc4 Bxc4 19. bxc4 Rxb1 20. Rxb1 Qc7 21. Qb3 Ra8 22. Qb7 Ra7 23. Qxc7 Rxc7 24. Rb8+ Bf8 25. Bh6 1-0

[Event "LJ Slovak Open 2022"]
[Site "Liptovsky Jan"]
[Date "2022.06.25"]
[Round "4.43"]
[White "Polacok, Jozef"]
[Black "Kaminsky, Ladislav"]
[Result "0-1"]
[ECO "D04"]
[WhiteElo "1386"]
[BlackElo "1615"]
[Annotator "NA"]
[PlyCount "86"]
[EventDate "2022.06.23"]
[EventType "swiss"]
[EventCountry "SVK"]
[SourceTitle "playchess.com"]
[Source "ChessBase"]
[SourceQuality "1"]
[TimeControl "3600+30"]

1. d4 d5 2. Nf3 Nf6 3. e3 Bg4 4. Nbd2 e6 5. c3 Bd6 6. Bd3 O-O 7. O-O c5 8. Qe1 Nbd7 9. h3 Bh5 10. Nh2 Qc7 11. Nhf3 c4 12. Bc2 Rfe8 13. Bd1 Bg6 14. b3 b5 15. a4 a6 16. Ba3 cxb3 17. Bxd6 Qxd6 18. Nxb3 Bd3 19. Be2 Bc4 20. Nbd2 Bxe2 21. Qxe2 Rec8 22. Qd3 Qc6 23. axb5 axb5 24. Rxa8 Rxa8 25. Rb1 Rb8 26. Ne1 Ne4 27. Nxe4 dxe4 28. Qd2 Nb6 29. Nc2 Nd5 30. Nb4 Qxc3 31. Qxc3 Nxc3 32. Rb2 Nd5 33. Nxd5 exd5 34. Kf1 f5 35. Ke2 Kf7 36. Kd2 Ke6 37. Kc3 g5 38. Kb4 h5 39. Rc2 Kd6 40. Rc5 h4 41. Rxb5 Rxb5+ 42. Kxb5 g4 43. hxg4 fxg4 0-1

[Event "LJ Slovak Open 2022"]
[Site "Liptovsky Jan"]
[Date "2022.06.25"]
[Round "4.44"]
[White "Marcek, Jan"]
[Black "Nedoba, Jakub"]
[Result "1-0"]
[ECO "B01"]
[WhiteElo "1588"]
[BlackElo "1158"]
[Annotator "NA RC"]
[PlyCount "71"]
[EventDate "2022.06.23"]
[EventType "swiss"]
[EventCountry "SVK"]
[SourceTitle "playchess.com"]
[Source "ChessBase"]
[SourceQuality "1"]
[TimeControl "3600+30"]

1. e4 d5 2. e5 Bf5 3. d4 e6 4. Nf3 c5 5. c3 Nc6 6. Bd3 Bg6 7. O-O Nge7 8. Na3 a6 9. Nc2 Nf5 10. Re1 b5 11. Ne3 Nxe3 12. Bxe3 Be7 13. dxc5 b4 14. Qe2 Qc8 15. a3 bxc3 16. b4 Bh5 17. Qf1 Bxf3 18. gxf3 Nxe5 19. Be2 Nc6 20. Qg2 Bf6 21. Rac1 h5 22. f4 d4 23. b5 axb5 24. Bxb5 dxe3 25. Bxc6+ Ke7 26. Rxe3 Rxa3 27. f5 Qa6 28. fxe6 Ra1 29. exf7+ Kxf7 30. Qd5+ Kg6 31. Rg3+ Kh6 32. Rxa1 Qxa1+ 33. Kg2 Rd8 34. Qf7 Qb1 35. Bf3 c2 36. Qxh5# 1-0

[Event "LJ Slovak Open 2022"]
[Site "Liptovsky Jan"]
[Date "2022.06.25"]
[Round "4.45"]
[White "Mazak, Ryan"]
[Black "Magda, Juraj"]
[Result "1-0"]
[ECO "C56"]
[WhiteElo "1575"]
[BlackElo "1301"]
[Annotator "NA RC"]
[PlyCount "51"]
[EventDate "2022.06.23"]
[EventType "swiss"]
[EventCountry "SVK"]
[SourceTitle "playchess.com"]
[Source "ChessBase"]
[SourceQuality "1"]
[TimeControl "3600+30"]

1. e4 e5 2. Bc4 Nf6 3. d4 exd4 4. Nf3 Nc6 5. e5 Qe7 6. O-O Ng8 7. Nxd4 Nxe5 8. Re1 d6 9. f4 Bg4 10. Be2 Bxe2 11. Rxe2 O-O-O 12. Qe1 f6 13. Nc3 g5 14. fxe5 dxe5 15. Nb3 Qg7 16. Be3 Bb4 17. a3 Bxc3 18. Qxc3 a6 19. Rd2 Ne7 20. Rad1 Nc6 21. Rxd8+ Nxd8 22. Nc5 Nc6 23. Qd3 Rd8 24. Qxd8+ Nxd8 25. Rxd8+ Kxd8 26. Ne6+ 1-0

[Event "LJ Slovak Open 2022"]
[Site "Liptovsky Jan"]
[Date "2022.06.25"]
[Round "4.46"]
[White "Carnecky, Viliam"]
[Black "Dicer, Juraj"]
[Result "1-0"]
[ECO "B72"]
[WhiteElo "1380"]
[BlackElo "1562"]
[Annotator "NA RC"]
[PlyCount "79"]
[EventDate "2022.06.23"]
[EventType "swiss"]
[EventCountry "SVK"]
[SourceTitle "playchess.com"]
[Source "ChessBase"]
[SourceQuality "1"]
[TimeControl "3600+30"]

1. e4 c5 2. Nf3 Nc6 3. d4 cxd4 4. Nxd4 g6 5. Nc3 Bg7 6. Be3 Nf6 7. Bc4 O-O 8. O-O d6 9. h3 a6 10. f4 Na5 11. Be2 Qc7 12. Qd2 Nc4 13. Bxc4 Qxc4 14. Qd3 Qc7 15. Nd5 Nxd5 16. exd5 b5 17. c3 Bb7 18. Nf3 e6 19. dxe6 fxe6 20. Rad1 Rad8 21. Ng5 Rfe8 22. Ne4 Qc6 23. Rfe1 Ba8 24. Bf2 d5 25. Ng5 Rd6 26. Bg3 Bf6 27. Nf3 Rdd8 28. Nd4 Qb6 29. Bf2 Qd6 30. Bg3 Qb6 31. Bf2 Qc7 32. Nxe6 Qc6 33. Nxd8 Rxd8 34. Qf3 Qd7 35. Qg3 Qc6 36. Bd4 Qd6 37. Bxf6 Qxf6 38. Kh1 Bc6 39. Qg5 Qxg5 40. fxg5 1-0

[Event "LJ Slovak Open 2022"]
[Site "Liptovsky Jan"]
[Date "2022.06.25"]
[Round "4.47"]
[White "Skutil, Frantisek Elias"]
[Black "Socha, Wiktor"]
[Result "1-0"]
[ECO "B34"]
[WhiteElo "1552"]
[BlackElo "1020"]
[Annotator "NA RC"]
[PlyCount "86"]
[EventDate "2022.06.23"]
[EventType "swiss"]
[EventCountry "SVK"]
[SourceTitle "playchess.com"]
[Source "ChessBase"]
[SourceQuality "1"]
[TimeControl "3600+30"]

1. e4 c5 2. Nf3 g6 3. d4 cxd4 4. Nxd4 Nc6 5. Nc3 Bg7 6. Be3 Nf6 7. Be2 O-O 8. O-O d5 9. Nxc6 bxc6 10. exd5 cxd5 11. Bf3 e6 12. Rc1 Qe7 13. Ne2 Bb7 14. Qd2 Rfd8 15. Rfd1 Ne8 16. c3 Nc7 17. Bg5 f6 18. Bh6 Rab8 19. Bxg7 Kxg7 20. Qe3 Ra8 21. c4 Qf7 22. cxd5 exd5 23. Nf4 Re8 24. Qc5 Na6 25. Qa5 Qe7 26. Nxd5 Qe5 27. Qc3 Bxd5 28. Bxd5 Rad8 29. Qxe5 Rxe5 30. Bc4 Rxd1+ 31. Rxd1 Nc7 32. Rd7+ Kh6 33. Rxc7 Re1+ 34. Bf1 Rb1 35. Rb7 a5 36. Rb5 a4 37. b3 axb3 38. axb3 g5 39. g3 Kg6 40. Kg2 h5 41. Bd3+ Kh6 42. Bxb1 Kg7 43. Rb7+ Kh6 1-0

[Event "LJ Slovak Open 2022"]
[Site "Liptovsky Jan"]
[Date "2022.06.25"]
[Round "4.48"]
[White "Hudak, Michal"]
[Black "Gay, Lukas"]
[Result "1-0"]
[ECO "D02"]
[WhiteElo "1169"]
[BlackElo "1480"]
[Annotator "NA RC"]
[PlyCount "61"]
[EventDate "2022.06.23"]
[EventType "swiss"]
[EventCountry "SVK"]
[SourceTitle "playchess.com"]
[Source "ChessBase"]
[SourceQuality "1"]
[TimeControl "3600+30"]

1. d4 Nf6 2. Nf3 g6 3. g3 Bg7 4. Bg2 O-O 5. O-O d5 6. Nc3 Nbd7 7. Bf4 e6 8. Re1 c5 9. Bd6 Re8 10. dxc5 Qa5 11. a3 Ne4 12. Nxe4 dxe4 13. Nd4 f5 14. c3 Ne5 15. Qb3 Nc6 16. Nb5 Re7 17. Bxe7 Nxe7 18. e3 a6 19. Nd6 Qxc5 20. Red1 b5 21. Nxc8 Qxc8 22. Qb4 Nd5 23. Qb3 Qc5 24. Bf1 Bh6 25. Rd4 Kf7 26. c4 Nxe3 27. fxe3 bxc4 28. Bxc4 Re8 29. Rad1 Rb8 30. Qc3 Bg7 31. Bxe6+ 1-0

[Event "LJ Slovak Open 2022"]
[Site "Liptovsky Jan"]
[Date "2022.06.25"]
[Round "4.49"]
[White "Szaszak, Matej"]
[Black "Janouskova, Adela"]
[Result "0-1"]
[ECO "B50"]
[WhiteElo "1235"]
[BlackElo "1498"]
[Annotator "NA RC"]
[PlyCount "98"]
[EventDate "2022.06.23"]
[EventType "swiss"]
[EventCountry "SVK"]
[SourceTitle "playchess.com"]
[Source "ChessBase"]
[SourceQuality "1"]
[TimeControl "3600+30"]

1. e4 c5 2. Bc4 Nc6 3. Nc3 d6 4. d3 e6 5. Nf3 Nf6 6. O-O Be7 7. Be3 d5 8. exd5 exd5 9. Bb3 d4 10. Ne4 dxe3 11. Nxf6+ Bxf6 12. Re1 O-O 13. Rxe3 Bg4 14. h3 Bh5 15. c3 Re8 16. Qd2 Bxf3 17. Rxf3 Ne5 18. Rg3 Bh4 19. Bxf7+ Nxf7 20. Rg4 Bf6 21. Qf4 Qd6 22. Qc4 b6 23. Re4 Rxe4 24. Qxe4 Rd8 25. Re1 Qe5 26. Re3 Qxe4 27. Rxe4 g6 28. Rf4 Kg7 29. Rf3 Ne5 30. Rf4 Nxd3 31. Ra4 a5 32. Ra3 Nxb2 33. Rb3 Rd1+ 34. Kh2 Be5+ 35. g3 Nc4 36. h4 Rd2 37. Kh3 Rb2 38. Rxb2 Nxb2 39. Kg4 Bxc3 40. f4 Be1 41. Kf3 c4 42. Kg2 c3 43. Kh3 c2 44. g4 c1=Q 45. h5 Qe3+ 46. Kh2 Qg3+ 47. Kh1 Bf2 48. h6+ Kg8 49. g5 Qg1# 0-1

[Event "LJ Slovak Open 2022"]
[Site "Liptovsky Jan"]
[Date "2022.06.25"]
[Round "4.50"]
[White "Bilik, Matej"]
[Black "Stricova Julia Nela"]
[Result "1-0"]
[ECO "C42"]
[WhiteElo "1553"]
[BlackElo "1149"]
[Annotator "NA RC"]
[PlyCount "105"]
[EventDate "2022.06.23"]
[EventType "swiss"]
[EventCountry "SVK"]
[SourceTitle "playchess.com"]
[Source "ChessBase"]
[SourceQuality "1"]
[TimeControl "3600+30"]

1. e4 e5 2. Nf3 Nf6 3. d3 h6 4. Nxe5 d6 5. Nf3 g6 6. Be3 Bg7 7. Nc3 O-O 8. h3 Be6 9. Qd2 Kh7 10. Be2 Nc6 11. O-O-O Ne5 12. Nxe5 dxe5 13. Rdg1 Qd6 14. f3 Qa6 15. d4 Qa5 16. d5 Bd7 17. a3 c6 18. dxc6 Bxc6 19. Na2 Qxd2+ 20. Bxd2 Rac8 21. Nb4 Ba4 22. Bc3 Rfe8 23. Rd1 Nd7 24. Nd5 Red8 25. b3 Bc6 26. Ne7 Rc7 27. Nxc6 Rxc6 28. Kb2 Rc7 29. Bb5 a6 30. Bc4 b5 31. Ba5 Rcc8 32. Bxd8 Rxd8 33. Bxf7 Bf8 34. Be6 Be7 35. Rxd7 Rxd7 36. Bxd7 g5 37. Rd1 h5 38. Bc8 a5 39. Rd7 Kg6 40. Rxe7 b4 41. axb4 axb4 42. Rxe5 Kf6 43. Rf5+ Kg6 44. c3 bxc3+ 45. Kxc3 g4 46. fxg4 hxg4 47. hxg4 Kh6 48. e5 Kg6 49. e6 Kg7 50. e7 Kg6 51. e8=Q+ Kg7 52. Qf7+ Kh8 53. Rh5# 1-0